 Dungeon Crawl Stone Soup version 0.29.0-13-gc9e81de378 (webtiles) character file.

Game seed: 14694516278224483799

2137 gelatine the Frost Mage (level 9, -4/65 HPs)
             Began as a Barachi Ice Elementalist on Sept 10, 2022.
             Was an Initiate of Vehumet.
             Slain by a sky beast (5 damage)
             ... on level 7 of the Dungeon.
             The game lasted 00:26:22 (7427 turns).

gelatine the Frost Mage (Barachi Ice Elementalist)  Turns: 7427, Time: 00:26:22

Health: -4/65      AC: 12    Str: 10    XL:     9   Next: 30%
Magic:  0/17       EV: 13    Int: 19    God:    Vehumet [......]
Gold:   204        SH:  0    Dex: 13    Spells: 8/19 levels left

rFire   + + .      SeeInvis .   d - +0 short sword
rCold   + + .      Faith    .   (no shield)
rNeg    . . .      Spirit   .   p - +0 leather armour {rF+}
rPois   .          Reflect  .   (no helmet)
rElec   .          Harm     .   b - scarf {rC+ rF+}
rCorr   .          Rampage  .   (no gloves)
Will    .....                   (no boots)
Stlth   ++........              (no amulet)
HPRegen 0.20/turn               f - +4 ring of protection
MPRegen 0.15/turn               B - ring of protection from cold

@: ice-armoured, slow
A: amphibious, slowness 1, strong legs 1, +LOS
a: Hop, Renounce Religion


You were on level 7 of the Dungeon.
You worshipped Vehumet.
Vehumet was noncommittal.
You visited 2 branches of the dungeon, and saw 9 of its levels.

You collected 252 gold pieces.
You spent 48 gold pieces at shops.

Inventory:

Hand Weapons
 d - a +0 short sword (weapon)
 h - a +0 sling
 D - a +3 spear
Missiles
 t - 8 poisoned darts
Armour
 a - a +0 robe
 b - a scarf of resistance (worn)
 p - a +0 leather armour of fire resistance (worn)
 u - a +0 cloak
Magical Staves
 l - a staff of conjuration
Jewellery
 f - a +4 ring of protection (left hand)
 s - an amulet of faith
 B - a ring of protection from cold (right hand)
Wands
 o - a wand of paralysis (7)
 y - a wand of roots (3)
Scrolls
 c - 4 scrolls of noise
 e - 2 scrolls of magic mapping
 m - a scroll of immolation
 n - 2 scrolls of torment
 r - 3 scrolls of teleportation
 v - a scroll of fog {unknown}
 w - a scroll of enchant armour {unknown}
 z - 2 scrolls of identify
 A - 2 scrolls of blinking {unknown}
Potions
 g - 2 potions of curing
 i - a potion of haste {unknown}
 j - a potion of cancellation {unknown}
 k - 2 potions of brilliance {unknown}
 q - a potion of heal wounds {unknown}
 x - a potion of ambrosia {unknown}
 C - a potion of might {unknown}


   Skills:
 * Level 4.3 Fighting
 + Level 1.6 Short Blades
 + Level 0.4 Throwing
 * Level 0.8 Armour
 * Level 5.3 Dodging
 * Level 4.3 Stealth
 + Level 5.6 Spellcasting
 * Level 4.1 Conjurations
 + Level 8.1 Ice Magic
 * Level 4.0 Evocations


You had 8 spell levels left.
You knew the following spells:

 Your Spells              Type           Power      Damage    Failure   Level
a - Freeze                Ice            100%       1d11      1%          1
b - Frozen Ramparts       Ice            72%        1d11      1%          3
c - Ozocubu's Armour      Ice            36%        N/A       1%          3
d - Hailstorm             Conj/Ice       28%        3d8       13%         4

Your spell library contained the following spells:

 Spells                   Type           Power      Damage    Failure   Level
 Animate Dead             Necr           5%         N/A       85%         4
 Olgreb's Toxic Radiance  Pois           5%         N/A       85%         4
 Borgnjor's Vile Clutch   Necr/Erth      2%         N/A       99%         5
 Summon Forest            Summ/Tloc      2%         N/A       99%         5
 Ozocubu's Refrigeration  Ice            18%        4d11      99%         7
 Death Channel            Necr           2%         N/A       100%        6
 Eringya's Noxious Bog    Tmut/Pois      2%         N/A       100%        6
 Summon Hydra             Summ           2%         N/A       100%        7
 Ignition                 Fire           2%         3d3       100%        8


Dungeon Overview and Level Annotations

Branches:
Dungeon (8/15)             Temple (1/1) D:6
   Lair: D:8-11

Altars:
Ashenzari
Cheibriados
Elyvilon
Fedhas
Gozag
Hepliaklqana
Kikubaaqudgha
Makhleb
Okawaru
Qazlal
Ru
Sif Muna
Trog
Uskayaw
Vehumet
Wu Jian
Xom
Yredelemnul
Zin
The Shining One

Shops:
D:3 !   D:4 (

Annotations:
D:3 1 runed translucent door, Strat's ghost, amateur HOAK


Innate Abilities, Weirdness & Mutations

You are amphibious.
You cover ground slowly.
You can hop short distances.
You have an extended range of vision and can be seen from far away.


Message History

You start resting.
A sky beast is nearby!
Casting: Freeze (safe; 1% risk of failure)
Confirm with . or Enter, or press ? or * to list all spells.
A film of ice covers your body!
You are too injured to fight recklessly!
Casting: Ozocubu's Armour (safe; 1% risk of failure)
Confirm with . or Enter, or press ? or * to list all spells.
Aiming: Freeze (safe; 1% risk of failure)
Press: ? - help, Shift-Dir - straight line, f - sky beast
Aim: a sky beast You freeze the sky beast.
The sky beast is lightly wounded.
The sky beast hits you but does no damage.
Casting: Freeze (safe; 1% risk of failure)
Confirm with . or Enter, or press ? or * to list all spells.
Aiming: Freeze (safe; 1% risk of failure)
Press: ? - help, Shift-Dir - straight line, f/p - sky beast
Aim: a sky beast (lightly wounded)
You freeze the sky beast.
The sky beast is lightly wounded.
The sky beast hits you but does no damage.
You hit the sky beast.
The sky beast is moderately wounded.
The sky beast barely misses you.
You barely miss the sky beast.
The sky beast is moderately wounded.
The sky beast hits you but does no damage.
You barely miss the sky beast.
The sky beast is moderately wounded.
The sky beast hits you.
* * * LOW HITPOINT WARNING * * *
The sky beast shocks you.
* * * LOW HITPOINT WARNING * * *
You barely miss the sky beast.
The sky beast is moderately wounded.
The sky beast hits you.
* * * LOW HITPOINT WARNING * * *
The sky beast shocks you.
You die...

#### # # ### ...# #
#.#.. ...# #.#
#.#[######...# #.#
#............# #.#
#Y# ###....#####..
##@###...?.........
#......#.##########
#....###... ...#
#..†.############.#
#.>...............'
#....#.###.####.#.#
#....#.# #.#.#
##.### . ####Y#.#
... #. #..YS#.#


You could see a sky beast.

Vanquished Creatures
  6 yaks
  A water moccasin (D:7)
  An ogre (D:4)
  A sky beast (D:6)
  2 phantoms
  2 scorpions
  2 necrophages
  A wight (D:7)
  A howler monkey (D:4)
  4 jellies
  A gnoll bouda (D:5)
  An orc priest (D:4)
  2 hounds
  3 orc wizards
  5 gnolls (D:5)
  10 adders
  A shadow imp (D:7)
  2 ufetubi
  A dart slug (D:5)
  10 orcs
  3 ball pythons
  6 endoplasms
  5 giant cockroaches
  5 goblins
  9 hobgoblins
  6 jackals
  2 quokkas
  8 bats
  3 frilled lizards
  3 kobolds
  7 rats
  2 butterflies (D:6)
116 creatures vanquished.

Vanquished Creatures (others)
  2 withered plants (D:3)
2 creatures vanquished.

Grand Total: 118 creatures vanquished

Notes
Turn   | Place    | Note
-------+----------+-------------------------------------------
     0 | D:1      | gelatine the Barachi Ice Elementalist began the quest for
                  | the Orb.
     0 | D:1      | Reached XP level 1. HP: 13/13 MP: 3/3
   124 | D:1      | Reached skill level 5 in Ice Magic
   214 | D:1      | Found a faded altar of an unknown god.
   267 | D:1      | Reached XP level 2. HP: 19/19 MP: 3/5
   965 | D:2      | Reached XP level 3. HP: 24/24 MP: 3/6
  1053 | D:2      | Reached skill level 6 in Ice Magic
  1438 | D:2      | Reached XP level 4. HP: 30/30 MP: 5/7
  1705 | D:3      | Found an iron altar of Okawaru.
  1758 | D:3      | Found Jatsowk's Distillery.
  1776 | D:3      | Bought a potion of curing for 36 gold pieces
  1776 | D:3      | Bought a potion of degeneration for 12 gold pieces
  1788 | D:3      | Learned a level 3 spell: Frozen Ramparts
  1792 | D:3      | Learned a level 3 spell: Ozocubu's Armour
  2278 | D:3      | Reached XP level 5. HP: 32/36 MP: 5/9
  2317 | D:3      | Found a runed translucent door.
  2317 | D:3      | Noticed Strat's ghost (amateur HOAK)
  2805 | D:4      | Noticed an ogre
  2812 | D:4      | Killed an ogre
  2813 | D:4      | Reached skill level 1 in Fighting
  2813 | D:4      | Reached skill level 1 in Conjurations
  2813 | D:4      | Reached skill level 1 in Evocations
  3009 | D:4      | Reached XP level 6. HP: 40/43 MP: 1/11
  3158 | D:4      | Found Suomul's Weapon Emporium.
  3364 | D:4      | You fall into a shaft and drop 2 floors!
  3370 | D:5      | Entered Level 5 of the Dungeon
  3393 | D:5      | Found a stormy altar of Qazlal.
  3540 | D:5      | Found a bloodstained altar of Trog.
  3709 | D:5      | Learned a level 4 spell: Hailstorm
  3737 | D:5      | Reached XP level 7. HP: 48/48 MP: 1/13
  4013 | D:5      | Reached skill level 7 in Ice Magic
  4169 | D:5      | Found a shimmering altar of Xom.
  4685 | D:5      | Reached skill level 1 in Short Blades
  4931 | D:5      | Found an ornate altar of the Wu Jian Council.
  5504 | D:6      | Noticed a yak
  5505 | D:6      | Noticed a yak
  5506 | D:6      | Noticed a yak
  5507 | D:6      | Noticed a yak
  5508 | D:6      | Noticed a yak
  5510 | D:6      | Noticed a yak
  5516 | D:6      | Killed a yak
  5517 | D:6      | Reached XP level 8. HP: 44/57 MP: 0/15
  5521 | D:6      | Killed a yak
  5532 | D:6      | Killed a yak
  5533 | D:6      | Reached skill level 5 in Spellcasting
  5537 | D:6      | Killed a yak
  5554 | D:5      | Killed a yak
  5831 | D:6      | Killed a yak
  6000 | D:6      | Reached XP level 9. HP: 61/64 MP: 14/17
  6037 | D:6      | Reached skill level 8 in Ice Magic
  6227 | D:6      | Reached skill level 5 in Dodging
  6372 | D:6      | Found a staircase to the Ecumenical Temple.
  6713 | Temple   | Entered the Ecumenical Temple
  6944 | Temple   | Became a worshipper of Vehumet
  7398 | D:7      | HP: 2/65 [poisoned by a water moccasin]
  7427 | D:7      | HP: 1/65 [sky beast (3)]
  7427 | D:7      | Slain by a sky beast

Illustrated notes

Levels and vault maps discovered:
D:1:      saegor_arrival_simple_d, layout_basic,
          ebering_ecumenical_altar_petrified
D:2:      layout_basic
D:3:      layout_loops_cross, okawaru_gym_becter, serial_shops, shop,
          gammafunk_ghost_grave, minmay_quantized
D:4:      layout_gridville, serial_shops, nicolae_shop_bloodbath_and_beyond
D:5:      layout_loops_ring, xom_teletrap_fun,
          mainiacjoe_overflow_large_starburst, nzn_wu_jian_council_hall
D:6:      layout_loops_ring, minmay_temple_entry_butterflies
D:7:      layout_basic, gammafunk_ghost_split, serial_undead, serial_undead_f,
          serial_undead_e, serial_undead_d, serial_undead_a, serial_shops,
          nicolae_shop_stone
D:8:      layout_basic, lemuel_crystal_altar, uniq_maurice, uniq_erica
Temple:   regret_index_temple_generic_petals

Skill      XL: |  1  2  3  4  5  6  7  8  9 |
---------------+----------------------------+-----
Ice Magic      | 5 6 7 8 |  8.1
Stealth        | 2 3 4 |  4.3
Spellcasting   | 3 4 5 |  5.6
Fighting       | 1 2 3 4 |  4.3
Dodging        | 3 4 5 |  5.3
Conjurations   | 1 2 3 4 |  4.1
Evocations     | 1 2 3 4 |  4.0
Short Blades   | 1 |  1.6
Throwing       | |  0.4
Armour         | |  0.8

Action                   |  1- 3 |  4- 6 |  7- 9 || total
-------------------------+-------+-------+-------++-------
Melee: Short sword       |    13 |    30 |   109 ||   152
       Punch             |     1 |       |     1 ||     2
Throw: Dart              |       |       |     2 ||     2
 Cast: Freeze            |    43 |    52 |    87 ||   182
       Frozen Ramparts   |       |     7 |    11 ||    18
       Ozocubu's Armour  |       |     7 |    11 ||    18
       Hailstorm         |       |     1 |     4 ||     5
 Abil: Hop               |       |       |     2 ||     2
Evoke: Wand              |       |     1 |     8 ||     9
  Use: Scroll            |       |     4 |     4 ||     8
       Potion            |       |       |     2 ||     2
 Stab: Sleeping          |     1 |     1 |     6 ||     8
       Paralysed         |       |     1 |     3 ||     4
Armor: Robe              |    18 |    28 |    35 ||    81
       Leather armour    |       |       |    29 ||    29
Dodge: Dodged            |    33 |    31 |   105 ||   169
